 Dungeon Crawl Stone Soup version 0.18.1-50-g88ac8fd (webtiles) character file.

28035 Dioneo the Archer (level 13, -19/124 HPs)
             Began as a Centaur Hunter on Oct 10, 2016.
             Was a Priest of Ru.
             Killed from afar by Nergalle (39 damage)
             ... with a bolt of negative energy
             ... on level 1 of the Lair of Beasts.
             The game lasted 01:37:05 (19525 turns).

Dioneo the Archer (Centaur Hunter)                 Turns: 19525, Time: 01:37:06

Health: -19/124    AC: 14    Str: 15    XL:     13   Next: 7%
Magic:  13/13      EV:  2    Int: 10    God:    Ru [***...]
Gold:   357        SH:  0    Dex: 15    Spells: 0 memorised, 12 levels left

rFire  . . .     SeeInvis .     J - +1 shortbow (freeze)
rCold  + + .     Gourm    .     H - +1 chain mail {rC+}
rNeg   . . .     Faith    .     (shield currently unavailable)
rPois  .         Spirit   .     m - +1 hat
rElec  .         Dismiss  .     b - +2 cloak {+Inv}
rCorr  .         Reflect  .     (no gloves)
SustAt .         Harm     .     (no barding)
MR     .....                    (no amulet)
Stlth  ..........               (no ring)
                                i - ring of protection from cold

@: heavily drained, very quick, not resistant to hostile enchantments, extremely
unstealthy
A: hooves 3, deformed body, speed 2, tough skin 3, no air magic, no hexes magic,
no summoning magic, reduced EV 1, magic vulnerability 1
a: Draw Out Power, Renounce Religion, Evoke Invisibility


You were on level 1 of the Lair of Beasts.
You worshipped Ru.
Ru was most pleased with you.
You were hungry.

You visited 3 branches of the dungeon, and saw 13 of its levels.

You collected 841 gold pieces.
You spent 484 gold pieces at shops.

Inventory:

Hand Weapons
 a - a +2 shortbow
 h - a +2 antimagic spear
 F - a +1 spear of venom
 J - a +1 shortbow of freezing (weapon)
 M - a +2 halberd of protection
Missiles
 d - 181 arrows (quivered)
Armour
 b - a +2 cloak of invisibility (worn)
 m - a +1 hat (worn)
 H - a +1 chain mail of cold resistance (worn)
Jewellery
 i - a ring of protection from cold (left hand)
Wands
 o - a wand of random effects (19/48)
 r - a wand of flame (17/48)
 w - a wand of heal wounds (1/9)
 D - a wand of paralysis (11/24)
 L - a wand of confusion (33/48)
 N - a wand of lightning (6/15)
Scrolls
 c - a scroll of immolation {unknown}
 g - 4 scrolls of enchant armour
 l - 2 scrolls of teleportation
 q - 3 scrolls of enchant weapon
 s - 2 scrolls of remove curse
 t - a scroll of fear
 y - a scroll of amnesia
 G - a scroll of silence {unknown}
Potions
 e - a potion of magic
 p - a potion of ambrosia
 u - 2 potions of brilliance
 O - a potion of berserk rage
 R - 2 potions of heal wounds
 S - a potion of invisibility {unknown}
 T - 2 potions of might
Miscellaneous
 B - a disc of storms
Comestibles
 f - 3 bread rations
 k - 6 royal jellies


   Skills:
 * Level 14.1(12.6) Fighting
 + Level 6.6(5.3) Polearms
 - Level 14.1(12.6) Bows
 + Level 7.8(6.5) Armour
 - Level 1.3(0.3) Dodging
 - Level 0.5(0.0) Stealth


You had 12 spell levels left.
You didn't know any spells.

Dungeon Overview and Level Annotations

Branches:
Dungeon (11/15)            Temple (1/1) D:6            Lair (1/8) D:11
    Orc: D:9-12

Altars:
Ashenzari
Cheibriados
Dithmenos
Elyvilon
Fedhas
Gozag
Kikubaaqudgha
Makhleb
Nemelex Xobeh
Okawaru
Pakellas
Qazlal
Ru
Sif Muna
Trog
Vehumet
Xom
Yredelemnul
Zin
The Shining One
Beogh

Shops:
D:2 }   D:6 (   D:8 (   D:10 *(!

Annotations:
D:8 Erolcha
Lair:1 Nergalle


Innate Abilities, Weirdness & Mutations

You have hooves in place of feet.
Armour fits poorly on your strangely shaped body.
You cover ground very quickly.
You have extremely tough skin (AC +3).
You cannot study or cast Air magic.
You cannot study or cast Hexes magic.
You cannot study or cast Summoning magic.
You have somewhat slow reflexes. (EV -3)
You are slightly vulnerable to magic.


Message History

Firing (i - inventory):
d - 183 arrows (quivered)
Press: ? - help, Shift-Dir - straight line, f - you
Okay, then.
A river rat comes into view.
Firing (i - inventory):
d - 183 arrows (quivered)
Press: ? - help, Shift-Dir - straight line, f/p - Nergalle
Aim: Nergalle, wielding a dagger and wearing a runed robe You shoot an arrow.
The arrow hits Nergalle but does no damage.
Nergalle gestures at you while chanting.
The bolt of negative energy hits you!
You feel drained.
* * * LOW HITPOINT WARNING * * *
Firing (i - inventory):
d - 182 arrows (quivered)
Press: ? - help, Shift-Dir - straight line, f/p - Nergalle
Aim: Nergalle, wielding a dagger and wearing a runed robe You shoot an arrow.
The arrow hits Nergalle but does no damage.
Nergalle casts a spell at you. The bolt of negative energy hits you!
You feel drained.
You die...

+.....#..
####......## ###
#..(...8...#..
.#.###.r#.........#
+.#.o...##†.......#
#.#....÷#†###...8..
#.#....#...........
#..((.(+.÷.........
#.@........8..8.>.8
##P................
##................
##.##.##÷###..8..
#######.#......#
####.........#
###)......8...##
#.....#.......#
#..##.'.....#####


You could see Nergalle and a river rat.

Vanquished Creatures
  2 hydras (Lair:1)
  A centaur warrior (D:10)
  An unseen horror (D:11)
  A hill giant (D:11)
  The ghost of Dioneo the Archer, a novice CeHu of Ru (D:5)
  Pikel (D:8)
  A manticore (D:11)
  A spiny frog (Lair:1)
  A komodo dragon (D:10)
  2 queen bees
  2 polar bears (D:11)
  2 trolls (D:11)
  Prince Ribbit (D:8)
  A spriggan (D:11)
  2 wraiths (D:11)
  Eustachio (D:6)
  A hungry ghost (D:9)
  6 yaks
  A steam dragon (D:7)
  Menkaure (D:7)
  3 water moccasins (Lair:1)
  2 porcupines (Lair:1)
  2 black bears
  3 eyes of draining
  3 orc warriors
  11 ice beasts
  A slave (D:8)
  8 sky beasts
  2 phantoms (D:6)
  2 necrophages
  3 ogres
  12 centaurs
  2 wolves (D:11)
  A crocodile (Lair:1)
  3 big kobolds
  8 giant frogs
  3 gnoll sergeants
  2 scorpions (D:7)
  24 killer bees
  3 howler monkeys
  3 electric eels (D:11)
  7 crimson imps
  A centaur zombie (D:9)
  3 giant frog zombies
  2 quasits
  4 orc priests
  4 hounds
  A jelly (D:11)
  A gnoll shaman (D:10)
  4 centaur skeletons
  Crazy Yiuf (D:6)
  3 giant frog skeletons
  5 iguanas
  12 orc wizards
  5 worker ants
  2 hound zombies
  2 hound skeletons
  A worker ant zombie (D:11)
  A howler monkey skeleton (D:8)
  10 adders
  19 gnolls
  19 river rats (Lair:1)
  3 shadow imps
  3 white imps (D:11)
  A worker ant simulacrum (D:11)
  An ooze (D:1)
  An ufetubus (D:11)
  3 adder zombies
  An adder skeleton (D:4)
  4 worms
  4 dart slugs
  6 giant geckos
  30 orcs
  2 ball pythons
  7 giant cockroaches
  7 goblins
  8 hobgoblins
  12 jackals
  7 quokkas
  6 bats
  A giant gecko skeleton (D:5)
  5 giant newts
  A jackal skeleton (D:4)
  18 kobolds
  A quokka zombie (D:5)
  8 rats
  A plant (D:9)
379 creatures vanquished.

Vanquished Creatures (others)
  Erica (D:9)
  A slave (D:8)
  2 adders
  An orc (D:3)
5 creatures vanquished.

Grand Total: 384 creatures vanquished

Notes
Turn   | Place    | Note
--------------------------------------------------------------
     0 | D:1      | Dioneo the Centaur Hunter began the quest for the Orb.
     0 | D:1      | Reached XP level 1. HP: 17/17 MP: 1/1
   287 | D:1      | Reached XP level 2. HP: 16/25 MP: 2/2
   982 | D:1      | Reached XP level 3. HP: 26/31 MP: 3/3
  1522 | D:2      | Found an ancient bone altar of Kikubaaqudgha.
  1561 | D:2      | Found an oddly glowing altar of Pakellas.
  1561 | D:2      | Found Pakellas's Prime Provisions.
  2009 | D:2      | Found a burning altar of Makhleb.
  2011 | D:2      | Found a shimmering altar of Xom.
  2128 | D:2      | Reached XP level 4. HP: 38/38 MP: 4/4
  2282 | D:3      | Found a stormy altar of Qazlal.
  2964 | D:3      | Reached XP level 5. HP: 46/46 MP: 5/5
  3949 | D:4      | Reached XP level 6. HP: 51/55 MP: 6/6
  4019 | D:4      | Found a roughly hewn altar of Beogh.
  4153 | D:4      | Reached skill level 5 in Fighting
  4812 | D:5      | Entered Level 5 of the Dungeon
  4975 | D:5      | Reached XP level 7. HP: 62/62 MP: 7/7
  5254 | D:5      | Noticed Dioneo's ghost (novice CeHu)
  5853 | D:5      | Killed Dioneo's ghost
  5853 | D:5      | Reached skill level 10 in Bows
  5853 | D:5      | Reached XP level 8. HP: 28/73 MP: 8/8
  6864 | D:5      | Found a bloodstained altar of Trog.
  7272 | D:6      | Noticed Crazy Yiuf
  7290 | D:6      | Killed Crazy Yiuf
  7477 | D:6      | Found a snail-covered altar of Cheibriados.
  7629 | D:6      | Reached XP level 9. HP: 82/82 MP: 5/9
  7750 | D:6      | Found Agoviv's Antique Weapon Shoppe.
  7826 | D:6      | Found a staircase to the Ecumenical Temple.
  7855 | D:6      | Noticed Eustachio
  7908 | Temple   | Entered the Ecumenical Temple
  8029 | D:6      | Found a sacrificial altar of Ru.
  8037 | D:6      | Became a worshipper of Ru the Awakened
  8237 | D:6      | Killed Eustachio
  9032 | D:7      | Found a shadowy altar of Dithmenos.
  9244 | D:7      | Noticed Menkaure
  9251 | D:7      | Killed Menkaure
  9665 | D:7      | Reached skill level 10 in Fighting
 10075 | D:8      | Noticed Prince Ribbit
 10094 | D:8      | Killed Prince Ribbit
 10739 | D:8      | Noticed Pikel
 10770 | D:8      | Killed Pikel
 10770 | D:8      | Reached XP level 10. HP: 94/94 MP: 10/10
 10831 | D:8      | Gained mutation: You have somewhat slow reflexes. (EV -3) [Ru sacrifice]
 10831 | D:8      | Reached * piety under Ru
 11252 | D:8      | Found Uhey's Weapon Boutique.
 11310 | D:8      | Bought a +1 shortbow of freezing for 161 gold pieces
 11792 | D:9      | Found a white marble altar of Elyvilon.
 11792 | D:9      | Found a glowing silver altar of Zin.
 11792 | D:9      | Found a glowing golden altar of the Shining One.
 11939 | D:9      | Noticed Erolcha
 12043 | D:9      | Paralysed by Erolcha for 7 turns
 12059 | D:8      | HP: 3/95 [Erolcha/giant club (17)]
 12467 | D:9      | Reached skill level 1 in Polearms
 12670 | D:9      | Noticed Erica
 12717 | D:9      | Killed Erica
 13666 | D:10     | Entered Level 10 of the Dungeon
 13937 | D:10     | Gained mutation: You are slightly vulnerable to magic. [Ru sacrifice]
 13937 | D:10     | Reached ** piety under Ru
 14465 | D:10     | Found Serph's Distillery.
 14540 | D:10     | Reached XP level 11. HP: 73/105 MP: 11/11
 14757 | D:10     | Found Wila's Antique Weapon Emporium.
 14928 | D:10     | Bought a potion of heal wounds for 85 gold pieces
 14928 | D:10     | Bought a potion of heal wounds for 85 gold pieces
 14928 | D:10     | Bought a potion of degeneration for 17 gold pieces
 14928 | D:10     | Bought 2 potions of might for 136 gold pieces
 14995 | D:10     | Noticed a centaur warrior
 15006 | D:10     | Killed a centaur warrior
 15128 | D:10     | Reached skill level 1 in Armour
 15256 | D:10     | Found Vimibut's General Store.
 15687 | D:11     | Found a frozen archway.
 16619 | D:11     | Noticed a hill giant
 16652 | D:11     | Reached skill level 5 in Polearms
 16717 | D:11     | Killed a hill giant
 16968 | D:11     | Gained mutation: You cannot study or cast Air magic. [Ru sacrifice]
 16968 | D:11     | Gained mutation: You cannot study or cast Hexes magic. [Ru sacrifice]
 16968 | D:11     | Gained mutation: You cannot study or cast Summoning magic. [Ru sacrifice]
 16968 | D:11     | Reached *** piety under Ru
 17269 | D:11     | Reached XP level 12. HP: 115/115 MP: 12/12
 17364 | D:11     | Found a staircase to the Lair.
 18796 | Lair:1   | Entered Level 1 of the Lair of Beasts
 18968 | Lair:1   | Noticed a five-headed hydra
 18990 | Lair:1   | Killed a five-headed hydra
 19053 | Lair:1   | Noticed a seven-headed hydra
 19072 | Lair:1   | Killed a seven-headed hydra
 19072 | Lair:1   | Reached XP level 13. HP: 123/123 MP: 13/13
 19517 | Lair:1   | Noticed Nergalle
 19525 | Lair:1   | Killed from afar by Nergalle

Skill      XL: |  1  2  3  4  5  6  7  8  9 10 11 12 13 |
---------------+----------------------------------------+-----
Fighting       | 3 4 5 7 8 10 12 13 14 | 14.1
Bows           | 6 7 8 10 11 13 14 | 14.1
Polearms       | 3 5 6 |  6.6
Armour         | 7 |  7.8
Dodging        | |  1.3
Stealth        | |  0.5

Action                   |  1- 3 |  4- 6 |  7- 9 | 10-12 | 13-15 || total
-------------------------+-------+-------+-------+-------+-------++-------
Melee: Short sword       |   139 |    63 |       |       |       ||   202
       Kick              |    25 |    24 |    68 |   131 |    20 ||   268
       Spear             |       |    75 |   290 |   372 |       ||   737
       Halberd           |       |       |       |    42 |    86 ||   128
 Fire: Shortbow          |     4 |   155 |   297 |   681 |    12 ||  1149
Invok: Sacrifice Essence |       |       |       |     1 |       ||     1
       Sacrifice Health  |       |       |       |     1 |       ||     1
       Sacrifice Arcana  |       |       |       |     1 |       ||     1
Evoke: Wand              |       |       |     2 |     8 |       ||    10
  Use: Scroll            |     5 |     3 |     9 |    12 |       ||    29
       Potion            |       |       |     4 |     6 |       ||    10
 Stab: Distracted        |       |       |     1 |     3 |       ||     4
       Sleeping          |       |       |       |     1 |       ||     1
       Invisible         |       |       |       |     3 |       ||     3
  Eat: Chunk             |     3 |     7 |     6 |     9 |       ||    25
       Meat ration       |       |       |     2 |     1 |       ||     3
       Beef jerky        |       |       |       |     4 |       ||     4
       Royal jelly       |       |       |       |     1 |       ||     1
Armor: Leather armour    |    40 |    79 |   217 |   150 |       ||   486
       Chain mail        |       |       |       |   227 |    52 ||   279
Dodge: Dodged            |    77 |    83 |   225 |   108 |    11 ||   504
